 Dungeon Crawl Stone Soup version 0.21.0-22-g11d5b52 (webtiles) character file.

590 BeingJoeMalik the Carver (level 7, -1/40 HPs)
             Began as a Tengu Gladiator on Jan 19, 2018.
             Slain by a hound (3 damage)
             ... on level 6 of the Dungeon.
             The game lasted 00:06:25 (3576 turns).

BeingJoeMalik the Carver (Tengu Gladiator)          Turns: 3576, Time: 00:06:25

Health: -1/40      AC:  3    Str: 14    XL:     7   Next: 39%
Magic:  8/8        EV: 15    Int: 11    God:
Gold:   157        SH:  0    Dex: 15    Spells: 6/6 levels left

rFire    . . .     SeeInvis .   a - +0 long sword
rCold    . . .     Gourm    .   (no shield)
rNeg     . . .     Faith    .   b - +0 leather armour
rPois    .         Spirit   .   c - +0 hat
rElec    .         Reflect  .   (no cloak)
rCorr    .         Harm     .   (no gloves)
MR       .....                  (boots unavailable)
Stlth    +.........             (no amulet)
HPRegen  0.13/turn              (no ring)
MPRegen  0.11/turn              (no ring)

@: flying quickly and evasively, quick
A: beak, talons 3, able to fly 1
a: no special abilities


You were on level 6 of the Dungeon.
You were hungry.

You visited 1 branch of the dungeon, and saw 6 of its levels.

You collected 157 gold pieces.

Inventory:

Hand Weapons
 a - a +0 long sword (weapon)
Missiles
 d - 3 throwing nets (quivered)
 o - 4 tomahawks
Armour
 b - a +0 leather armour (worn)
 c - a +0 hat (worn)
Scrolls
 e - a scroll of identify
 i - a scroll of teleportation
Potions
 g - a potion of ambrosia
 h - 2 potions of flight
 j - 3 potions of curing
 l - 2 potions of lignification {unknown}
 n - a potion of degeneration
 p - a potion of invisibility
Comestibles
 f - 7 rations


   Skills:
 - Level 2.0 Fighting
 + Level 9.1 Long Blades
 - Level 2.0 Throwing
 - Level 3.2 Dodging


You had 6 spell levels left.
You didn't know any spells.

Dungeon Overview and Level Annotations

Branches:
Dungeon (6/15)
 Temple: D:4-7

Altars:
Ashenzari
Yredelemnul
The Shining One

Annotations:
D:6 1 runed door, Eustachio


Innate Abilities, Weirdness & Mutations

You have a beak for a mouth.
You have claws for feet.
You can fly.


Message History

You hit the hound.
The hound is lightly wounded.
The hound bites you.
* * * LOW HITPOINT WARNING * * *
The hound bites you.
* * * LOW HITPOINT WARNING * * *
Unknown command.
Okay, then.
Throwing (i - inventory. (,) - cycle):
d - 5 throwing nets (quivered)
Press: ? - help, Shift-Dir - straight line, f - hound
Aim: a hound (lightly wounded)
You throw a throwing net.
The throwing net barely misses the hound.
The hound closely misses you.
Throwing (i - inventory. (,) - cycle):
d - 4 throwing nets (quivered)
Press: ? - help, Shift-Dir - straight line, f/p - hound
Aim: a hound (lightly wounded)
You throw a throwing net. The throwing net misses the hound.
The hound bites you.
You die...

##.##.###.......####.
......# ##.....## #.#
#.####### ##...## ##.
# ##+## #. #.# #.
####.### #. #
###......# #p
#.##.####...#....# #p
#....h@p...p.....# #.
####.####@p......# #.
# #......#.#####.
#.#.#........p.
#.#.##.#.######
#..>@....# ######.###
#.# #@#


You could see Eustachio, 3 slaves and a hound.

Vanquished Creatures
  2 ogres
  A crimson imp (D:6)
  A human zombie (D:6)
  A hound (D:5)
  An iguana (D:4)
  5 worker ants
  2 hound skeletons
  A howler monkey zombie (D:5)
  A worker ant zombie (D:5)
  5 adders
  3 gnolls (D:5)
  A dart slug (D:1)
  A worm (D:2)
  A ball python (D:1)
  4 giant cockroaches
  6 goblins
  5 hobgoblins
  7 jackals
  6 kobolds
  5 bats
  2 frilled lizards
  A jackal skeleton (D:6)
  5 rats
67 creatures vanquished.

Vanquished Creatures (others)
  A fungus (D:3)
1 creature vanquished.

Grand Total: 68 creatures vanquished

Notes
Turn   | Place    | Note
-------+----------+-------------------------------------------
     0 | D:1      | BeingJoeMalik the Tengu Gladiator began the quest for the Orb.
     0 | D:1      | Reached XP level 1. HP: 12/12 MP: 2/2
    73 | D:1      | Reached XP level 2. HP: 17/17 MP: 3/3
   146 | D:1      | Reached skill level 4 in Long Blades
   511 | D:1      | Reached XP level 3. HP: 21/21 MP: 4/4
  1083 | D:2      | Reached skill level 5 in Long Blades
  1135 | D:3      | HP: 1/21 [poisoned by a worker ant]
  1135 | D:3      | Reached XP level 4. HP: 1/26 MP: 5/5
  1615 | D:4      | Reached skill level 6 in Long Blades
  1636 | D:4      | Found a glowing golden altar of the Shining One.
  1717 | D:4      | Found a shattered altar of Ashenzari.
  1736 | D:4      | Gained mutation: You can fly. [Tengu growth]
  1736 | D:4      | Reached XP level 5. HP: 17/30 MP: 6/6
  1880 | D:4      | Noticed an ogre
  1888 | D:4      | Killed an ogre
  1888 | D:4      | Reached skill level 7 in Long Blades
  1903 | D:4      | Reached XP level 6. HP: 26/35 MP: 7/7
  2369 | D:5      | Entered Level 5 of the Dungeon
  2484 | D:6      | Noticed an ice beast
  2765 | D:5      | Reached skill level 8 in Long Blades
  2774 | D:5      | Reached XP level 7. HP: 19/40 MP: 5/8
  3232 | D:6      | Found a runed door.
  3232 | D:6      | Noticed a human
  3233 | D:6      | Found a basalt altar of Yredelemnul.
  3250 | D:6      | Reached skill level 9 in Long Blades
  3563 | D:6      | Noticed Eustachio
  3574 | D:6      | HP: 2/40 [hound (4)]
  3576 | D:6      | Slain by a hound

Skill      XL: |  1  2  3  4  5  6  7 |
---------------+----------------------+-----
Long Blades    | 4 5 6 7 8 9 |  9.1
Fighting       | |  2.0
Throwing       | |  2.0
Dodging        | |  3.2

Action                   |  1- 3 |  4- 6 |  7- 9 || total
-------------------------+-------+-------+-------++-------
Melee: Long sword        |    57 |    71 |    58 ||   186
       Kick              |    22 |    27 |    13 ||    62
       Peck              |     7 |    13 |    10 ||    30
Throw: Throwing net      |     2 |     2 |     2 ||     6
       Tomahawk          |       |     2 |       ||     2
 Abil: Fly               |       |     2 |     1 ||     3
  Use: Scroll            |       |    10 |       ||    10
       Potion            |       |     1 |       ||     1
 Stab: Sleeping          |     1 |       |       ||     1
       Held in net/web   |       |     2 |       ||     2
  Eat: Chunk             |     1 |     5 |     2 ||     8
Armor: Leather armour    |    13 |     8 |     8 ||    29
Dodge: Dodged            |    47 |    45 |    37 ||   129
       Rpst.: Long sword |    17 |    12 |     8 ||    37
